Dynamic Boxscore Link
Rochester
North Stars
13-10
2
FINAL (OT)
3
Red Tails
11-9
Summary
Boxscore
Lineups
Recap

1st Period

1-0 TRTScore
0:53Time
5v5Type
1-1 TiedScore
2:11Time
5v5Type
2-1 NORScore
12:08Time
5v5Type

2nd Period

2-2 TiedScore
3:59Time
5v5Type

Overtime

3-2 TRTScore
2:24Time
5v5Type

Penalties

1st Period
Valery Adlerov (NOR) for Hooking (Minor) at 9:02
2nd Period
Jeffery Pattyn (NOR) for High sticking (Minor) at 16:49
3rd Period
Coltyn Bergevin (TRT) for Hooking (Minor) at 14:19
NOR
TRT

Rochester North Stars

# Player Pos G A PTS +/- S PIM TOI SB Hits GA TA
19 Derrell Hults RW 2 0 2 1 7 0 19:58 0 3 2 0
92 Orlando Wey C 0 2 2 1 7 0 21:57 0 1 0 0
89 Jamey Fequet RW 0 1 1 1 2 0 18:33 1 0 0 0
12 Jeffery Pattyn D 0 0 0 0 1 2 17:27 0 1 0 0
40 K.C. Levers C 0 0 0 -1 0 0 08:30 0 1 0 0
22 Leland Matyas D 0 0 0 -1 3 0 22:39 0 3 0 0
4 Joseph Knaus LW 0 0 0 -1 3 0 17:49 0 0 1 0
95 Fynn Messner RW 0 0 0 -1 2 0 09:42 2 0 1 0
61 Valery Adlerov RW 0 0 0 -1 0 2 08:27 0 1 0 0
27 Laurent Godbout C 0 0 0 -1 3 0 17:15 1 0 0 0
16 Vilho Metsala LW 0 0 0 0 1 0 14:40 0 1 0 0
17 Bennet Gallahur D 0 0 0 -1 2 0 21:37 2 0 1 2
78 Juha-Pekka Kaukola LW 0 0 0 0 2 0 15:39 1 1 1 0
7 Ritchie Kruger C 0 0 0 0 1 0 14:39 0 2 0 1
6 Ville Brendstrup D 0 0 0 0 0 0 20:22 0 2 1 1
41 Adolfo Bakewell D 0 0 0 0 1 0 19:09 0 3 0 1
59 Vasily Sidorenko LW 0 0 0 0 3 0 16:06 1 4 1 0
55 Taras Kochkaryov D 0 0 0 1 2 0 18:43 1 2 0 0
# Goalie GA SA SV SV% TOI
44 Pitt Kidwell 0 0 0 0.000 0:00
96 Emilio Istad 3 41 38 0.927 62:24
NOR
TRT

North Stars

North Stars

5 vs 5 Forward
Line #Left WingCenterRight WingPHYDFOFWanted %Time %Time Play
1Jamey FequetOrlando WeyDerrell Hults0233433%17:39
2Joseph KnausLaurent GodboutVilho Metsala0232926%13:59
3Vasily SidorenkoRitchie KrugerJuha-Pekka Kaukola0232927%14:25
4Valery AdlerovK.C. LeversFynn Messner041815%8:00
5 vs 5 Defense
Line #DefenseDefensePHYDFOFWanted %Time %Time Play
1Leland MatyasBennet Gallahur0323535%18:57
2Ville BrendstrupTaras Kochkaryov0233435%18:40
3Adolfo BakewellJeffery Pattyn0322626%14:09
4Adolfo BakewellJeffery Pattyn03254%2:17
Power Play Forward
Line #Left WingCenterRight WingPHYDFOFWanted %Time %Time Play
1Joseph KnausOrlando WeyDerrell Hults0055558%1:09
2Vilho MetsalaLaurent GodboutJamey Fequet0054542%0:50
Power Play Defense
Line #DefenseDefensePHYDFOFWanted %Time %Time Play
1Vasily SidorenkoLeland Matyas0145573%1:27
2Taras KochkaryovJuha-Pekka Kaukola0144527%0:32
Penalty Kill 4 Players Forward
Line #CenterWingPHYDFOFWanted %Time %Time Play
1Laurent GodboutFynn Messner0415559%2:20
2Orlando WeyJoseph Knaus0414541%1:38
Penalty Kill 4 Players Defense
Line #DefenseDefensePHYDFOFWanted %Time %Time Play
1Adolfo BakewellBennet Gallahur0505567%2:40
2Adolfo BakewellJeffery Pattyn0504533%1:18
Penalty Kill 3 Players
Line #WingPHYDFOFWanted %Time %Time PlayDefenseDefensePHYDFOFWanted %Time %Time Play
1Laurent Godbout041500%0:00 Adolfo BakewellBennet Gallahur050550%0:00
2Orlando Wey041500%0:00 Fynn MessnerJeffery Pattyn050450%0:00
4 vs 4 Forward
Line #CenterWingPHYDFOFWanted %Time %Time Play
1Orlando WeyDerrell Hults023500%0:00
2Laurent GodboutJoseph Knaus023500%0:00
4 vs 4 Defense
Line #DefensePHYDFOFWanted %Time %Time Play
1Bennet GallahurVille Brendstrup023500%0:00
2Leland MatyasJeffery Pattyn023500%0:00
Last Minutes Offensive
Left WingCenterRight WingDefenseDefense
Joseph KnausOrlando WeyDerrell HultsVasily SidorenkoLaurent Godbout
Last Minutes Defensive
Left WingCenterRight WingDefenseDefense
Joseph KnausLaurent GodboutFynn MessnerAdolfo BakewellBennet Gallahur
Time
Total ForwardTotal DefenseLast Minutes OffensiveLast Minutes Defensive
60:00 60:00 0:000:00
Extra Forwards
Normal PowerPlayPenalty Kill
Vasily Sidorenko, Orlando Wey, Derrell HultsVasily Sidorenko, Laurent GodboutValery Adlerov
Extra Defensemen
Normal PowerPlayPenalty Kill
Taras Kochkaryov, Jeffery Pattyn, Ville BrendstrupTaras Kochkaryov, Bennet GallahurVille Brendstrup
Penalty Shots
Juha-Pekka Kaukola, Derrell Hults, K.C. Levers, Adolfo Bakewell, Vilho Metsala
Goalie
Emilio Istad, Pitt Kidwell
Custom OT Lines Forwards
Derrell Hults, Orlando Wey, Joseph Knaus, Laurent Godbout, Vasily Sidorenko, Ritchie Kruger, Fynn Messner, Juha-Pekka Kaukola, Vilho Metsala, Jamey Fequet
Custom OT Lines Defensemen
Ville Brendstrup, Leland Matyas, Bennet Gallahur, Adolfo Bakewell, Taras Kochkaryov
Scratches
Mikko Tasanen (Healthy)
1st Period

0:01 of 1st period - Tom Folke wins face-off versus Orlando Wey in neutral zone.
0:06 of 1st period - Snap shot by Cruz Dupont.
0:06 of 1st period - Shot Blocked by Bennet Gallahur.
0:08 of 1st period - Slapshot by Cole Mcure.
0:08 of 1st period - Shot Misses the Net.
0:10 of 1st period - Snap shot by Tom Folke.
0:10 of 1st period - Stopped by Emilio Istad without a rebound.
0:11 of 1st period - Laurent Godbout wins face-off versus Ashton Thomson in North Stars zone.
0:24 of 1st period - Snap shot by Laurent Godbout.
0:24 of 1st period - Stopped by Olaf Patalong without a rebound.
0:25 of 1st period - Harry Clerk wins face-off versus Ritchie Kruger in Red Tails zone.
0:25 of 1st period - Harry Clerk is hit by Ritchie Kruger.
0:35 of 1st period - Wrist shot by Vasily Sidorenko.
0:35 of 1st period - Deflect By Juha-Pekka Kaukola.
0:35 of 1st period - Deflect By Svyatoslav Mylnikov.
0:35 of 1st period - Shot Misses the Net.
0:35 of 1st period - Puck is out of play.
0:36 of 1st period - K.C. Levers wins face-off versus Clifford Nickles in Red Tails zone.
0:44 of 1st period - Adolfo Bakewell is hit by Lukas Weller and loses puck.
0:51 of 1st period - Snap shot by Joel Mcgauley.
0:51 of 1st period - Stopped by Emilio Istad with a rebound.
0:53 of 1st period - Snap shot by Jonny Roman.
0:53 of 1st period - Goal by Jonny Roman - North Stars : 0 - Red Tails : 1.
0:54 of 1st period - Jamey Fequet wins face-off versus Tom Folke in neutral zone.
1:28 of 1st period - Slapshot by Vasily Sidorenko.
1:28 of 1st period - Shot Misses the Net.
1:30 of 1st period - Snap shot by Ritchie Kruger.
1:30 of 1st period - Shot Blocked by Lukas Weller.
1:32 of 1st period - Slapshot by Juha-Pekka Kaukola.
1:32 of 1st period - Deflect By Vasily Sidorenko.
1:32 of 1st period - Stopped by Olaf Patalong with a rebound.
1:41 of 1st period - Off-side.
1:42 of 1st period - Harry Clerk wins face-off versus Laurent Godbout in neutral zone.
1:47 of 1st period - Snap shot by Aki-Ville Lallo.
1:47 of 1st period - Stopped by Emilio Istad with a rebound.
1:49 of 1st period - Snap shot by Aki-Ville Lallo.
1:49 of 1st period - Stopped by Emilio Istad with a rebound.
1:55 of 1st period - Wrist shot by Aarre Lokki.
1:55 of 1st period - Stopped by Emilio Istad without a rebound.
1:56 of 1st period - Orlando Wey wins face-off versus Tom Folke in North Stars zone.
2:11 of 1st period - Snap shot by Derrell Hults.
2:11 of 1st period - Goal by Derrell Hults - North Stars : 1 - Red Tails : 1.
2:12 of 1st period - Ashton Thomson wins face-off versus Ritchie Kruger in neutral zone.
2:15 of 1st period - Slapshot by Dolf Imseng.
2:15 of 1st period - Shot Misses the Net.
2:27 of 1st period - Snap shot by Juha-Pekka Kaukola.
2:27 of 1st period - Shot Misses the Net.
2:29 of 1st period - Snap shot by Juha-Pekka Kaukola.
2:29 of 1st period - Shot Misses the Net.
3:13 of 1st period - Cole Mcure is hit by Leland Matyas and loses puck.
3:43 of 1st period - Clifford Nickles is hit by Vasily Sidorenko and loses puck.
3:52 of 1st period - Adolfo Bakewell is hit by Lukas Weller and loses puck.
4:41 of 1st period - Wrist shot by Juha-Pekka Kaukola.
4:41 of 1st period - Stopped by Olaf Patalong without a rebound.
4:42 of 1st period - Ashton Thomson wins face-off versus Orlando Wey in Red Tails zone.
4:42 of 1st period - Ashton Thomson is hit by Derrell Hults.
5:16 of 1st period - Snap shot by Joseph Knaus.
5:16 of 1st period - Shot Blocked by Svyatoslav Mylnikov.
5:30 of 1st period - Harry Clerk is hit by Valery Adlerov and loses puck.
5:37 of 1st period - Snap shot by Fynn Messner.
5:37 of 1st period - Stopped by Olaf Patalong with a rebound.
5:55 of 1st period - Dolf Imseng is hit by Derrell Hults.
6:01 of 1st period - Dolf Imseng is hit by Ville Brendstrup and loses puck.
6:56 of 1st period - Wrist shot by Harry Clerk.
6:56 of 1st period - Stopped by Emilio Istad with a rebound.
6:58 of 1st period - Wrist shot by Aki-Ville Lallo.
6:58 of 1st period - Shot Misses the Net.
7:00 of 1st period - Slapshot by Aarre Lokki.
7:00 of 1st period - Deflect By Aki-Ville Lallo.
7:00 of 1st period - Stopped by Emilio Istad with a rebound.
7:52 of 1st period - Snap shot by Orlando Wey.
7:52 of 1st period - Stopped by Olaf Patalong without a rebound.
7:53 of 1st period - Orlando Wey wins face-off versus Harry Clerk in Red Tails zone.
8:10 of 1st period - Snap shot by Orlando Wey.
8:10 of 1st period - Stopped by Olaf Patalong with a rebound.
8:33 of 1st period - Svyatoslav Mylnikov is hit by Adolfo Bakewell and loses puck.
9:02 of 1st period - Minor Penalty to Valery Adlerov for Hooking.
9:03 of 1st period - Laurent Godbout wins face-off versus Cole Mcure in North Stars zone.
9:03 of 1st period - Laurent Godbout is hit by Aki-Ville Lallo.
9:29 of 1st period - Dolf Imseng is hit by Adolfo Bakewell and loses puck.
9:40 of 1st period - Joseph Knaus is hit by Leimo Ali and loses puck.
10:47 of 1st period - Bennet Gallahur is hit by Aki-Ville Lallo and loses puck.
11:02 of 1st period - Penalty to Valery Adlerov is over, Valery Adlerov is back on ice.
11:10 of 1st period - Wrist shot by Joel Mcgauley.
11:10 of 1st period - Stopped by Emilio Istad without a rebound.
11:11 of 1st period - Ritchie Kruger wins face-off versus Clifford Nickles in North Stars zone.
11:11 of 1st period - Ritchie Kruger is hit by Vyacheslav Oleshko.
11:17 of 1st period - Clifford Nickles is hit by Vasily Sidorenko and loses puck.
11:46 of 1st period - Wrist shot by Joel Mcgauley.
11:46 of 1st period - Shot Misses the Net.
11:50 of 1st period - Snap shot by Clifford Nickles.
11:50 of 1st period - Deflect By Joel Mcgauley.
11:50 of 1st period - Shot Misses the Net.
11:50 of 1st period - Puck is out of play.
11:51 of 1st period - Orlando Wey wins face-off versus Ashton Thomson in North Stars zone.
12:06 of 1st period - Snap shot by Derrell Hults.
12:06 of 1st period - Shot Misses the Net.
12:08 of 1st period - Slapshot by Derrell Hults.
12:08 of 1st period - Goal by Derrell Hults - North Stars : 2 - Red Tails : 1.
12:09 of 1st period - Orlando Wey wins face-off versus Tom Folke in neutral zone.
12:38 of 1st period - Joseph Knaus is hit by Coltyn Bergevin and loses puck.
12:56 of 1st period - Slapshot by Leland Matyas.
12:56 of 1st period - Shot Blocked by Coltyn Bergevin.
13:06 of 1st period - Slapshot by Harry Clerk.
13:06 of 1st period - Shot Misses the Net.
13:44 of 1st period - Snap shot by Cruz Dupont.
13:44 of 1st period - Stopped by Emilio Istad with a rebound.
13:46 of 1st period - Snap shot by Cole Mcure.
13:46 of 1st period - Deflect By Tom Folke.
13:46 of 1st period - Stopped by Emilio Istad with a rebound.
13:48 of 1st period - Snap shot by Cruz Dupont.
13:48 of 1st period - Shot Misses the Net.
13:50 of 1st period - Wrist shot by Tom Folke.
13:50 of 1st period - Stopped by Emilio Istad with a rebound.
13:52 of 1st period - Snap shot by Tom Folke.
13:52 of 1st period - Stopped by Emilio Istad with a rebound.
14:18 of 1st period - Snap shot by Laurent Godbout.
14:18 of 1st period - Deflect By Joseph Knaus.
14:18 of 1st period - Shot Misses the Net.
14:18 of 1st period - Puck is out of play.
14:19 of 1st period - Ritchie Kruger wins face-off versus Tom Folke in Red Tails zone.
14:54 of 1st period - Icing by Svyatoslav Mylnikov.
14:55 of 1st period - Laurent Godbout wins face-off versus Ashton Thomson in Red Tails zone.
15:22 of 1st period - Svyatoslav Mylnikov is hit by Taras Kochkaryov and loses puck.
15:39 of 1st period - Wrist shot by Blaize Bremer.
15:39 of 1st period - Deflect By Leimo Ali.
15:39 of 1st period - Shot Blocked by Jamey Fequet.
15:39 of 1st period - Puck is out of play.
15:40 of 1st period - Orlando Wey wins face-off versus Tom Folke in North Stars zone.
15:51 of 1st period - Backhand shot by Derrell Hults.
15:51 of 1st period - Shot Misses the Net.
15:53 of 1st period - Backhand shot by Adolfo Bakewell.
15:53 of 1st period - Stopped by Olaf Patalong without a rebound.
15:54 of 1st period - Tom Folke wins face-off versus Joseph Knaus in Red Tails zone.
16:28 of 1st period - Icing by Bennet Gallahur.
16:29 of 1st period - Tom Folke wins face-off versus Orlando Wey in North Stars zone.
17:02 of 1st period - Slapshot by Laurent Godbout.
17:02 of 1st period - Stopped by Olaf Patalong with a rebound.
17:04 of 1st period - Snap shot by Bennet Gallahur.
17:04 of 1st period - Shot Blocked by Lukas Weller.
17:06 of 1st period - Snap shot by Vilho Metsala.
17:06 of 1st period - Stopped by Olaf Patalong without a rebound.
17:07 of 1st period - Laurent Godbout wins face-off versus Cole Mcure in Red Tails zone.
17:08 of 1st period - Wrist shot by Joseph Knaus.
17:08 of 1st period - Stopped by Olaf Patalong without a rebound.
17:09 of 1st period - Tom Folke wins face-off versus Laurent Godbout in Red Tails zone.
17:16 of 1st period - Slapshot by Dolf Imseng.
17:16 of 1st period - Stopped by Emilio Istad with a rebound.
17:18 of 1st period - Wrist shot by Tom Folke.
17:18 of 1st period - Stopped by Emilio Istad with a rebound.
17:20 of 1st period - Slapshot by Cruz Dupont.
17:20 of 1st period - Shot Blocked by Laurent Godbout.
17:22 of 1st period - Snap shot by Cruz Dupont.
17:22 of 1st period - Stopped by Emilio Istad with a rebound.
17:26 of 1st period - Backhand shot by Cruz Dupont.
17:26 of 1st period - Stopped by Emilio Istad with a rebound.
17:38 of 1st period - Wrist shot by Aarre Lokki.
17:38 of 1st period - Stopped by Emilio Istad without a rebound.
17:39 of 1st period - Harry Clerk wins face-off versus Orlando Wey in North Stars zone.
17:40 of 1st period - Wrist shot by Aarre Lokki.
17:40 of 1st period - Stopped by Emilio Istad with a rebound.
17:50 of 1st period - Snap shot by Orlando Wey.
17:50 of 1st period - Stopped by Olaf Patalong with a rebound.
18:11 of 1st period - Vasily Sidorenko is hit by Cole Mcure and loses puck.
18:30 of 1st period - Blaize Bremer is hit by Ville Brendstrup and loses puck.
19:04 of 1st period - Slapshot by Derrell Hults.
19:04 of 1st period - Stopped by Olaf Patalong with a rebound.
19:24 of 1st period - Snap shot by Harry Clerk.
19:24 of 1st period - Stopped by Emilio Istad without a rebound.
19:25 of 1st period - Laurent Godbout wins face-off versus Tom Folke in North Stars zone.
19:32 of 1st period - Slapshot by Tom Folke.
19:32 of 1st period - Shot Misses the Net.
19:52 of 1st period - Blaize Bremer is hit by Leland Matyas and loses puck.
19:58 of 1st period - Off-side.
19:59 of 1st period - Orlando Wey wins face-off versus Ashton Thomson in neutral zone.
Goals for this period are 2 for North Stars vs 1 for Red Tails.
Shots for this period are 14 for North Stars vs 20 for Red Tails.
2nd Period

0:01 of 2nd period - Tom Folke wins face-off versus Orlando Wey in neutral zone.
0:14 of 2nd period - Off-side.
0:15 of 2nd period - Ashton Thomson wins face-off versus Ritchie Kruger in neutral zone.
1:13 of 2nd period - Wrist shot by Aarre Lokki.
1:13 of 2nd period - Stopped by Emilio Istad with a rebound.
1:15 of 2nd period - Wrist shot by Lukas Weller.
1:15 of 2nd period - Shot Misses the Net.
1:17 of 2nd period - Snap shot by Harry Clerk.
1:17 of 2nd period - Stopped by Emilio Istad with a rebound.
1:19 of 2nd period - Slapshot by Aki-Ville Lallo.
1:19 of 2nd period - Shot Misses the Net.
1:21 of 2nd period - Wrist shot by Aki-Ville Lallo.
1:21 of 2nd period - Stopped by Emilio Istad with a rebound.
1:31 of 2nd period - Vilho Metsala is hit by Clifford Nickles and loses puck.
1:36 of 2nd period - Wrist shot by Joel Mcgauley.
1:36 of 2nd period - Stopped by Emilio Istad without a rebound.
1:37 of 2nd period - Orlando Wey wins face-off versus Clifford Nickles in North Stars zone.
1:37 of 2nd period - Orlando Wey is hit by Kobe Babych.
1:55 of 2nd period - Slapshot by Dolf Imseng.
1:55 of 2nd period - Deflect By Jonny Roman.
1:55 of 2nd period - Shot Misses the Net.
1:55 of 2nd period - Puck is out of play.
1:56 of 2nd period - Tom Folke wins face-off versus Ritchie Kruger in North Stars zone.
2:05 of 2nd period - Slapshot by Cruz Dupont.
2:05 of 2nd period - Shot Blocked by Taras Kochkaryov.
2:33 of 2nd period - Kobe Babych is hit by Ritchie Kruger and loses puck.
2:40 of 2nd period - Wrist shot by Vasily Sidorenko.
2:40 of 2nd period - Stopped by Olaf Patalong with a rebound.
2:42 of 2nd period - Slapshot by Bennet Gallahur.
2:42 of 2nd period - Stopped by Olaf Patalong without a rebound.
2:43 of 2nd period - Ashton Thomson wins face-off versus Orlando Wey in Red Tails zone.
2:43 of 2nd period - Ashton Thomson is hit by Orlando Wey.
2:49 of 2nd period - Derrell Hults is hit by Blaize Bremer and loses puck.
3:35 of 2nd period - Snap shot by Harry Clerk.
3:35 of 2nd period - Shot Blocked by Fynn Messner.
3:37 of 2nd period - Slapshot by Dolf Imseng.
3:37 of 2nd period - Deflect By Aarre Lokki.
3:37 of 2nd period - Stopped by Emilio Istad with a rebound.
3:39 of 2nd period - Snap shot by Aki-Ville Lallo.
3:39 of 2nd period - Shot Blocked by Bennet Gallahur.
3:41 of 2nd period - Slapshot by Dolf Imseng.
3:41 of 2nd period - Deflect By Leland Matyas.
3:41 of 2nd period - Stopped by Emilio Istad without a rebound.
3:42 of 2nd period - Orlando Wey wins face-off versus Ashton Thomson in North Stars zone.
3:47 of 2nd period - Slapshot by Leland Matyas.
3:47 of 2nd period - Stopped by Olaf Patalong with a rebound.
3:59 of 2nd period - Wrist shot by Leimo Ali.
3:59 of 2nd period - Goal by Leimo Ali - North Stars : 2 - Red Tails : 2.
4:00 of 2nd period - Tom Folke wins face-off versus Ritchie Kruger in neutral zone.
4:32 of 2nd period - Slapshot by Ashton Thomson.
4:32 of 2nd period - Deflect By Leimo Ali.
4:32 of 2nd period - Stopped by Emilio Istad with a rebound.
4:34 of 2nd period - Snap shot by Leimo Ali.
4:34 of 2nd period - Stopped by Emilio Istad with a rebound.
5:46 of 2nd period - Snap shot by Aarre Lokki.
5:46 of 2nd period - Deflect By Aki-Ville Lallo.
5:46 of 2nd period - Shot Blocked by Fynn Messner.
5:46 of 2nd period - Puck is out of play.
5:47 of 2nd period - Ritchie Kruger wins face-off versus Cruz Dupont in North Stars zone.
5:47 of 2nd period - Ritchie Kruger is hit by Tom Folke.
6:53 of 2nd period - Wrist shot by Leimo Ali.
6:53 of 2nd period - Stopped by Emilio Istad with a rebound.
7:31 of 2nd period - Joel Mcgauley is hit by Vasily Sidorenko and loses puck.
7:46 of 2nd period - Valery Adlerov is hit by Harry Clerk and loses puck.
7:55 of 2nd period - Svyatoslav Mylnikov is hit by Leland Matyas and loses puck.
8:56 of 2nd period - Snap shot by Vasily Sidorenko.
8:56 of 2nd period - Shot Misses the Net.
8:58 of 2nd period - Slapshot by Ville Brendstrup.
8:58 of 2nd period - Shot Blocked by Lukas Weller.
9:00 of 2nd period - Snap shot by Ritchie Kruger.
9:00 of 2nd period - Stopped by Olaf Patalong with a rebound.
9:02 of 2nd period - Backhand shot by Taras Kochkaryov.
9:02 of 2nd period - Deflect By Cruz Dupont.
9:02 of 2nd period - Stopped by Olaf Patalong with a rebound.
9:04 of 2nd period - Snap shot by Taras Kochkaryov.
9:04 of 2nd period - Deflect By Vasily Sidorenko.
9:04 of 2nd period - Shot Blocked by Tom Folke.
9:04 of 2nd period - Puck is out of play.
9:05 of 2nd period - Ashton Thomson wins face-off versus Laurent Godbout in Red Tails zone.
9:16 of 2nd period - Snap shot by Blaize Bremer.
9:16 of 2nd period - Shot Misses the Net.
10:32 of 2nd period - Slapshot by Valery Adlerov.
10:32 of 2nd period - Shot Misses the Net.
10:40 of 2nd period - Snap shot by Valery Adlerov.
10:40 of 2nd period - Shot Misses the Net.
11:38 of 2nd period - Snap shot by K.C. Levers.
11:38 of 2nd period - Shot Blocked by Cole Mcure.
11:44 of 2nd period - Snap shot by Valery Adlerov.
11:44 of 2nd period - Shot Blocked by Cole Mcure.
11:46 of 2nd period - Wrist shot by Valery Adlerov.
11:46 of 2nd period - Shot Blocked by Vyacheslav Oleshko.
12:28 of 2nd period - Slapshot by Aarre Lokki.
12:28 of 2nd period - Stopped by Emilio Istad without a rebound.
12:29 of 2nd period - Blaize Bremer wins face-off versus Laurent Godbout in North Stars zone.
14:01 of 2nd period - Icing by Aki-Ville Lallo.
14:02 of 2nd period - Harry Clerk wins face-off versus Laurent Godbout in Red Tails zone.
15:46 of 2nd period - Wrist shot by Laurent Godbout.
15:46 of 2nd period - Shot Misses the Net.
16:36 of 2nd period - Snap shot by Fynn Messner.
16:36 of 2nd period - Stopped by Olaf Patalong with a rebound.
16:49 of 2nd period - Minor Penalty to Jeffery Pattyn for High sticking.
16:50 of 2nd period - Laurent Godbout wins face-off versus Tom Folke in North Stars zone.
18:44 of 2nd period - Icing by Cruz Dupont.
18:45 of 2nd period - Tom Folke wins face-off versus Orlando Wey in Red Tails zone.
18:49 of 2nd period - Penalty to Jeffery Pattyn is over, Jeffery Pattyn is back on ice.
18:58 of 2nd period - Adolfo Bakewell is hit by Aki-Ville Lallo and loses puck.
19:57 of 2nd period - Slapshot by Ville Brendstrup.
19:57 of 2nd period - Deflect By Derrell Hults.
19:57 of 2nd period - Stopped by Olaf Patalong with a rebound.
19:59 of 2nd period - Slapshot by Taras Kochkaryov.
19:59 of 2nd period - Deflect By Derrell Hults.
19:59 of 2nd period - Stopped by Olaf Patalong with a rebound.
Goals for this period are 0 for North Stars vs 1 for Red Tails.
Shots for this period are 8 for North Stars vs 11 for Red Tails.
3rd Period

0:01 of 3rd period - Tom Folke wins face-off versus Orlando Wey in neutral zone.
1:18 of 3rd period - Off-side.
1:19 of 3rd period - Orlando Wey wins face-off versus Tom Folke in neutral zone.
1:19 of 3rd period - Orlando Wey is hit by Kobe Babych.
1:25 of 3rd period - Backhand shot by Jamey Fequet.
1:25 of 3rd period - Shot Misses the Net.
1:27 of 3rd period - Slapshot by Leland Matyas.
1:27 of 3rd period - Shot Misses the Net.
1:29 of 3rd period - Snap shot by Orlando Wey.
1:29 of 3rd period - Stopped by Olaf Patalong without a rebound.
1:30 of 3rd period - Ritchie Kruger wins face-off versus Tom Folke in Red Tails zone.
1:35 of 3rd period - Snap shot by Vasily Sidorenko.
1:35 of 3rd period - Stopped by Olaf Patalong without a rebound.
1:36 of 3rd period - Tom Folke wins face-off versus Ritchie Kruger in Red Tails zone.
1:42 of 3rd period - Backhand shot by Coltyn Bergevin.
1:42 of 3rd period - Deflect By Vasily Sidorenko.
1:42 of 3rd period - Stopped by Emilio Istad without a rebound.
1:43 of 3rd period - Orlando Wey wins face-off versus Tom Folke in North Stars zone.
1:52 of 3rd period - Snap shot by Orlando Wey.
1:52 of 3rd period - Stopped by Olaf Patalong with a rebound.
2:15 of 3rd period - Slapshot by Dolf Imseng.
2:15 of 3rd period - Stopped by Emilio Istad with a rebound.
2:17 of 3rd period - Slapshot by Blaize Bremer.
2:17 of 3rd period - Shot Misses the Net.
2:19 of 3rd period - Wrist shot by Kobe Babych.
2:19 of 3rd period - Stopped by Emilio Istad without a rebound.
2:20 of 3rd period - Ashton Thomson wins face-off versus Ritchie Kruger in North Stars zone.
2:25 of 3rd period - Slapshot by Ashton Thomson.
2:25 of 3rd period - Shot Blocked by Vasily Sidorenko.
2:27 of 3rd period - Wrist shot by Blaize Bremer.
2:27 of 3rd period - Stopped by Emilio Istad with a rebound.
2:29 of 3rd period - Snap shot by Ashton Thomson.
2:29 of 3rd period - Stopped by Emilio Istad with a rebound.
2:31 of 3rd period - Wrist shot by Blaize Bremer.
2:31 of 3rd period - Stopped by Emilio Istad with a rebound.
2:54 of 3rd period - Wrist shot by Joseph Knaus.
2:54 of 3rd period - Stopped by Olaf Patalong with a rebound.
4:48 of 3rd period - Wrist shot by Jamey Fequet.
4:48 of 3rd period - Stopped by Olaf Patalong with a rebound.
5:00 of 3rd period - Snap shot by Taras Kochkaryov.
5:00 of 3rd period - Stopped by Olaf Patalong with a rebound.
5:24 of 3rd period - Slapshot by Dolf Imseng.
5:24 of 3rd period - Deflect By Leimo Ali.
5:24 of 3rd period - Shot Misses the Net.
5:24 of 3rd period - Puck is out of play.
5:25 of 3rd period - Ashton Thomson wins face-off versus Laurent Godbout in North Stars zone.
5:30 of 3rd period - Wrist shot by Leimo Ali.
5:30 of 3rd period - Stopped by Emilio Istad with a rebound.
5:44 of 3rd period - Snap shot by Leimo Ali.
5:44 of 3rd period - Stopped by Emilio Istad without a rebound.
5:45 of 3rd period - Cruz Dupont wins face-off versus Ritchie Kruger in North Stars zone.
6:02 of 3rd period - Wrist shot by Juha-Pekka Kaukola.
6:02 of 3rd period - Stopped by Olaf Patalong with a rebound.
6:58 of 3rd period - Kobe Babych is hit by Vasily Sidorenko and loses puck.
7:11 of 3rd period - Dolf Imseng is hit by Adolfo Bakewell and loses puck.
7:43 of 3rd period - Blaize Bremer is hit by Derrell Hults and loses puck.
8:24 of 3rd period - Snap shot by Derrell Hults.
8:24 of 3rd period - Shot Misses the Net.
8:45 of 3rd period - Ville Brendstrup is hit by Harry Clerk and loses puck.
9:23 of 3rd period - Snap shot by Orlando Wey.
9:23 of 3rd period - Stopped by Olaf Patalong with a rebound.
9:25 of 3rd period - Snap shot by Jamey Fequet.
9:25 of 3rd period - Shot Misses the Net.
9:27 of 3rd period - Slapshot by Leland Matyas.
9:27 of 3rd period - Shot Blocked by Coltyn Bergevin.
9:29 of 3rd period - Wrist shot by Orlando Wey.
9:29 of 3rd period - Stopped by Olaf Patalong with a rebound.
9:31 of 3rd period - Snap shot by Derrell Hults.
9:31 of 3rd period - Shot Misses the Net.
9:33 of 3rd period - Slapshot by Jamey Fequet.
9:33 of 3rd period - Stopped by Olaf Patalong without a rebound.
9:34 of 3rd period - Tom Folke wins face-off versus Ritchie Kruger in Red Tails zone.
9:39 of 3rd period - Slapshot by Dolf Imseng.
9:39 of 3rd period - Shot Blocked by Juha-Pekka Kaukola.
9:41 of 3rd period - Slapshot by Dolf Imseng.
9:41 of 3rd period - Stopped by Emilio Istad without a rebound.
9:42 of 3rd period - Vasily Sidorenko wins face-off versus Tom Folke in North Stars zone.
10:07 of 3rd period - Snap shot by Jeffery Pattyn.
10:07 of 3rd period - Stopped by Olaf Patalong without a rebound.
10:08 of 3rd period - Ashton Thomson wins face-off versus Laurent Godbout in Red Tails zone.
11:01 of 3rd period - Jonny Roman is hit by Juha-Pekka Kaukola and loses puck.
11:18 of 3rd period - Ashton Thomson is hit by Jeffery Pattyn and loses puck.
11:37 of 3rd period - K.C. Levers is hit by Dolf Imseng and loses puck.
12:39 of 3rd period - Slapshot by Leland Matyas.
12:39 of 3rd period - Stopped by Olaf Patalong with a rebound.
12:43 of 3rd period - Slapshot by Derrell Hults.
12:43 of 3rd period - Stopped by Olaf Patalong without a rebound.
12:44 of 3rd period - Tom Folke wins face-off versus Vasily Sidorenko in Red Tails zone.
13:13 of 3rd period - Icing by Ashton Thomson.
13:14 of 3rd period - Laurent Godbout wins face-off versus Ashton Thomson in Red Tails zone.
13:49 of 3rd period - Off-side.
13:50 of 3rd period - Orlando Wey wins face-off versus Tom Folke in neutral zone.
13:53 of 3rd period - Wrist shot by Derrell Hults.
13:53 of 3rd period - Shot Blocked by Cruz Dupont.
13:55 of 3rd period - Slapshot by Leland Matyas.
13:55 of 3rd period - Stopped by Olaf Patalong without a rebound.
13:56 of 3rd period - Orlando Wey wins face-off versus Tom Folke in Red Tails zone.
14:19 of 3rd period - Minor Penalty to Coltyn Bergevin for Hooking.
14:20 of 3rd period - Derrell Hults wins face-off versus Clifford Nickles in Red Tails zone.
14:27 of 3rd period - Wrist shot by Derrell Hults.
14:27 of 3rd period - Shot Blocked by Vyacheslav Oleshko.
14:29 of 3rd period - Wrist shot by Joseph Knaus.
14:29 of 3rd period - Stopped by Olaf Patalong with a rebound.
14:31 of 3rd period - Wrist shot by Joseph Knaus.
14:31 of 3rd period - Deflect By Derrell Hults.
14:31 of 3rd period - Shot Misses the Net.
14:31 of 3rd period - Puck is out of play.
14:32 of 3rd period - Orlando Wey wins face-off versus Harry Clerk in Red Tails zone.
15:06 of 3rd period - Juha-Pekka Kaukola is hit by Kobe Babych and loses puck.
15:23 of 3rd period - Aki-Ville Lallo is hit by Taras Kochkaryov and loses puck.
16:19 of 3rd period - Penalty to Coltyn Bergevin is over, Coltyn Bergevin is back on ice.
16:44 of 3rd period - Juha-Pekka Kaukola is hit by Dolf Imseng and loses puck.
16:59 of 3rd period - Juha-Pekka Kaukola is hit by Ashton Thomson and loses puck.
17:06 of 3rd period - Aki-Ville Lallo is hit by K.C. Levers and loses puck.
17:10 of 3rd period - Icing by Aki-Ville Lallo.
17:11 of 3rd period - Ashton Thomson wins face-off versus Orlando Wey in Red Tails zone.
17:26 of 3rd period - Backhand shot by Derrell Hults.
17:26 of 3rd period - Shot Blocked by Tom Folke.
18:06 of 3rd period - Icing by Ritchie Kruger.
18:07 of 3rd period - Ritchie Kruger wins face-off versus Aki-Ville Lallo in North Stars zone.
18:07 of 3rd period - Ritchie Kruger is hit by Aki-Ville Lallo.
18:17 of 3rd period - Slapshot by Bennet Gallahur.
18:17 of 3rd period - Stopped by Olaf Patalong with a rebound.
18:39 of 3rd period - Taras Kochkaryov is hit by Coltyn Bergevin and loses puck.
19:00 of 3rd period - Tom Folke is hit by Vilho Metsala and loses puck.
19:05 of 3rd period - Backhand shot by Laurent Godbout.
19:05 of 3rd period - Stopped by Olaf Patalong with a rebound.
19:21 of 3rd period - Derrell Hults is hit by Coltyn Bergevin and loses puck.
19:31 of 3rd period - Off-side.
19:32 of 3rd period - Orlando Wey wins face-off versus Tom Folke in neutral zone.
Goals for this period are 0 for North Stars vs 0 for Red Tails.
Shots for this period are 17 for North Stars vs 9 for Red Tails.
Overtime

0:01 of 1st overtime period - Orlando Wey wins face-off versus Tom Folke in neutral zone.
0:16 of 1st overtime period - Snap shot by Joseph Knaus.
0:16 of 1st overtime period - Shot Misses the Net.
0:35 of 1st overtime period - Snap shot by Derrell Hults.
0:35 of 1st overtime period - Stopped by Olaf Patalong with a rebound.
1:12 of 1st overtime period - Off-side.
1:13 of 1st overtime period - Orlando Wey wins face-off versus Cruz Dupont in neutral zone.
1:20 of 1st overtime period - Wrist shot by Orlando Wey.
1:20 of 1st overtime period - Shot Misses the Net.
1:44 of 1st overtime period - Off-side.
1:45 of 1st overtime period - Tom Folke wins face-off versus Orlando Wey in neutral zone.
2:24 of 1st overtime period - Wrist shot by Leimo Ali.
2:24 of 1st overtime period - Goal by Leimo Ali - North Stars : 2 - Red Tails : 3.
Goals for this period are 0 for North Stars vs 1 for Red Tails.
Shots for this period are 1 for North Stars vs 1 for Red Tails.

3 STARS

1st Star
RW
19
G 2
A 0
+/- 1
TOI 19:58
2nd Star
RW
67
G 2
A 0
+/- 1
TOI 17:25
3rd Star
G
31
SA 40
GA 2
SV% 0.950
TOI 62:24

Game Stats

NOR
VS
TRT
2 Goals 3
40 Shots 41
9 Blocked Shots 13
19 Missed Shots 14
56.1 Faceoff % 49.1
1 Power Plays 2
0 Power Play Goals 0
0 Power Play % 0

GAME DETAILS

VENUE
Unknown
CITY
Unknown
REFEREES
Hunter Mottinger, Dan Monocelli
LINESMEN
Jerry Pateman, Matt Heinen
ATTENDANCE
16,493